 Dungeon Sprint DCSS version 0.14-a0-1863-gcc20582 (webtiles) character file.

12875 Caerthir the Hawkeye (level 11, -2/124 HPs)
             Began as an Ogre Hunter on Jan 13, 2014.
             Was the Champion of Nemelex Xobeh.
             Slain by a naga warrior
             ... wielding a +0,+1 orcish war axe
              (5 damage)
             ... in the Dungeon (Sprint IX: "|||||||||||||||||||||||||||||").
             The game lasted 00:21:16 (2559 turns).

Caerthir the Hawkeye (Ogre Hunter)                  Turns: 2559, Time: 00:21:16

HP  -2/124       AC 18     Str 23      XL: 11   Next: 93%
MP  22/29        EV  2     Int 13      God: Nemelex Xobeh [******]
Gold 432         SH  0     Dex  9      Spells:  0 memorised, 10 levels left

rFire  . . .     SeeInvis .     u - +2 giant spiked club
rCold  . . .     Clarity  .     x - melded +0 mottled dragon armour
rNeg   + . .     Conserve .     (shield restricted)
rPois  +         rCorr    .     (helmet restricted)
rElec  +         rRot     +     y - +0 cloak
SustAb . .       Spirit   .     (gloves unavailable)
rMut   .         Warding  .     (boots unavailable)
Saprov + . .     NoTele   +     (no amulet)
MR     +....                    s - +2 ring of evasion
                                r - +3 ring of intelligence

@: statue-form (expiring), very poisoned, constricted, very slow, somewhat
resistant to hostile enchantments, unstealthy
A: unfitting armour, fast metabolism 1, saprovore 1, (tough skin 0)
a: End Transformation, Draw One, Peek at Two, Triple Draw, Deal Four, Stack
Five, Renounce Religion


You were in the Dungeon.
You worshipped Nemelex Xobeh.
Nemelex Xobeh was exalted by your worship.
You were very hungry.
You were a stone statue.
You visited 1 branch You collected 1917 gold pieces.
You spent 1485 gold pieces at shops.

Inventory:

Hand weapons
 u - a +2,+2 giant spiked club (weapon)
Armour
 d - a +0 animal skin
 x - a +0 mottled dragon armour (melded)
 y - a +0 cloak (worn)
Magical devices
 p - a wand of fire (7)
Comestibles
 f - 15 meat rations
 z - 40 strawberries
 A - 12 bread rations
Scrolls
 n - 6 scrolls of remove curse
 o - 2 scrolls of amnesia
 w - a scroll of fear
 C - 3 scrolls of blinking
 D - a scroll of recharging
Jewellery
 b - an uncursed ring of protection from cold
 c - an uncursed ring of fire
 r - a +3 ring of intelligence (left hand)
 s - a +2 ring of evasion (right hand)
Potions
 e - 4 potions of curing
 g - 8 potions of heal wounds
 h - 2 potions of speed
 i - 4 potions of magic
 j - 3 potions of berserk rage
 m - a potion of invisibility
 B - 2 potions of resistance
Miscellaneous
 a - an ornate deck of summonings {drawn: 2}
 k - an ornate deck of destruction
 l - an ornate deck of summonings {drawn: 1}
 q - an ornate deck of defence {drawn: 2}
 t - a lantern of shadows
 v - a plain deck of war {drawn: 6}


   Skills:
 - Level 2.6 Fighting
 - Level 1.3 Maces & Flails
 + Level 21.3 Throwing
 - Level 1.7 Dodging
 - Level 0.7 Stealth
 + Level 17.6 Evocations


You had 10 spell levels left.
You didn't know any spells.

Dungeon Overview and Level Annotations

Branches:
Dungeon (1/1)

Altars:
Ashenzari
Cheibriados
Elyvilon
Fedhas
Kikubaaqudgha
Makhleb
Nemelex Xobeh
Okawaru
Sif Muna
Trog
Vehumet
Xom
Yredelemnul
Zin
the Shining One

Shops:
D }==[


Innate Abilities, Weirdness & Mutations

You are too large for most types of armour.
You have a fast metabolism.
You can tolerate rotten meat.
((You have tough skin (AC +1).))*


Message History

You bludgeon the naga warrior!!
The naga warrior is almost dead.
The naga warrior spits poison at you. The splash of poison misses you.
* * * LOW HITPOINT WARNING * * *
The naga warrior constricts you. The naga warrior spits poison at you.
The splash of poison hits you! You resist.
* * * LOW HITPOINT WARNING * * *
The naga warrior constricts you!
You hit the naga warrior.
The naga warrior is almost dead.
The naga warrior spits poison at you. The splash of poison hits you!
You resist.
* * * LOW HITPOINT WARNING * * *
The naga warrior constricts you.
The naga warrior hits you with an orcish war axe!
* * * LOW HITPOINT WARNING * * *
You die...
Your body glows with a rainbow of weird colours and disappears.

........'......%..'............'.
▓▓▓▓▓▓▓▓▓▓▓▓▓▓▓▓▓▓▓▓▓▓▓▓▓▓▓▓▓▓▓▓▓
.................................
▓▓▓▓▓▓▓▓▓▓▓▓▓▓▓▓▓▓▓▓▓▓▓▓▓▓▓▓▓▓▓▓▓
....'............'.....∩)∩.∩.∩.).
▓▓▓▓▓▓▓▓▓▓▓▓▓▓▓▓▓▓▓▓▓▓▓▓▓▓▓▓▓▓▓▓▓
.................................
▓▓▓▓▓▓▓▓▓▓▓▓▓▓▓▓▓▓▓▓▓▓▓▓▓▓▓▓▓▓▓▓▓
.[[[[[[.[.......8N(H%).((.(
▓▓▓▓▓▓▓▓▓▓▓▓▓▓▓▓▓▓▓▓▓▓▓▓▓▓▓


You could see a naga warrior and a minotaur.

Vanquished Creatures
  2 dire elephants (D)
  Harold (D)
  Josephine (D)
  A centaur warrior (D)
  7 orc sorcerers (D)
  7 elephants (D)
  A black mamba (D)
  A yaktaur (D)
  A spiny frog (D)
  A two-headed ogre (D)
  A giant firefly (D)
  A wraith (D)
  2 wolves (D)
  A yak (D)
  9 orc warriors (D)
  3 porcupines (D)
  A yellow wasp (D)
  A rotting devil (D)
  A water moccasin (D)
  A giant frog (D)
  A goliath beetle (D)
  2 iguanas (D)
  A jelly (D)
  3 orc priests (D)
  9 orc wizards (D)
  A worker ant (D)
  A sheep (D)
  2 green rats (D)
  An adder (D)
  An adder zombie (D)
  A giant eyeball (D)
  2 giant geckos (D)
  12 orcs (D)
  A bat skeleton (D)
  A giant cockroach (D)
  A gnoll skeleton (D)
  A kobold (D)
  3 quokkas (D)
  A ball python (D)
  A bat simulacrum (D)
  A giant newt zombie (D)
  A goblin zombie (D)
  A hobgoblin skeleton (D)
  4 rats (D)
  2 rat skeletons (D)
99 creatures vanquished.

Vanquished Creatures (collateral kills)
  A giant firefly (D)
  A slime creature (D)
  An orc warrior (D)
  A hound (D)
  2 orc wizards (D)
  An adder zombie (D)
7 creatures vanquished.

Vanquished Creatures (others)
  A komodo dragon (D)
  2 giant fireflies (D)
  A hippogriff (D)
  2 wolves (D)
6 creatures vanquished.

Grand Total: 112 creatures vanquished

Notes
Turn   | Place    | Note
--------------------------------------------------------------
     0 | D        | Caerthir, the Ogre Hunter, began the quest for the Orb.
     0 | D        | Reached XP level 1. HP: 22/22 MP: 1/1
     9 | D        | Reached skill level 5 in Throwing
    20 | D        | Noticed a worker ant
    21 | D        | Reached skill level 6 in Throwing
    21 | D        | Reached XP level 2. HP: 29/29 MP: 2/2
    22 | D        | Reached skill level 7 in Throwing
    22 | D        | Killed a worker ant
    22 | D        | Reached skill level 8 in Throwing
    22 | D        | Reached XP level 3. HP: 29/36 MP: 3/3
    30 | D        | Found a sparkling altar of Nemelex Xobeh.
    30 | D        | Found a bloodstained altar of Trog.
    30 | D        | Found an iron altar of Okawaru.
    30 | D        | Found a blossoming altar of Fedhas.
    30 | D        | Found a shimmering altar of Xom.
    30 | D        | Found a shattered altar of Ashenzari.
    30 | D        | Found an ancient bone altar of Kikubaaqudgha.
    31 | D        | Found a basalt altar of Yredelemnul.
    32 | D        | Found a snail-covered altar of Cheibriados.
    33 | D        | Found a burning altar of Makhleb.
    35 | D        | Became a worshipper of Nemelex Xobeh
    41 | D        | Received a gift from Nemelex Xobeh
    52 | D        | Acquired Nemelex Xobeh's first power
    71 | D        | Found a glowing silver altar of Zin.
    72 | D        | Found a radiant altar of Vehumet.
    73 | D        | Found a deep blue altar of Sif Muna.
    74 | D        | Found a glowing golden altar of the Shining One.
    75 | D        | Found a white marble altar of Elyvilon.
    76 | D        | Found a burning altar of Makhleb.
    77 | D        | Found a white marble altar of Elyvilon.
    98 | D        | Acquired Nemelex Xobeh's second power
   101 | D        | Acquired Nemelex Xobeh's third power
   101 | D        | Acquired Nemelex Xobeh's fourth power
   101 | D        | Acquired Nemelex Xobeh's fifth power
   118 | D        | Received a gift from Nemelex Xobeh
   144 | D        | Noticed a goliath beetle
   144 | D        | Noticed a jelly
   145 | D        | Killed a jelly
   145 | D        | Reached skill level 9 in Throwing
   145 | D        | Reached XP level 4. HP: 44/44 MP: 3/5
   147 | D        | Killed a goliath beetle
   196 | D        | Noticed a giant frog
   196 | D        | Noticed a yellow wasp
   196 | D        | Noticed a two-headed ogre
   205 | D        | Killed a giant frog
   205 | D        | Reached skill level 10 in Throwing
   205 | D        | Reached skill level 5 in Evocations
   205 | D        | Reached XP level 5. HP: 30/50 MP: 0/9
   206 | D        | Killed a yellow wasp
   206 | D        | Reached skill level 11 in Throwing
   206 | D        | Reached XP level 6. HP: 35/59 MP: 1/12
   207 | D        | Killed a two-headed ogre
   207 | D        | Reached skill level 12 in Throwing
   207 | D        | Reached XP level 7. HP: 39/66 MP: 1/16
   316 | D        | Received a gift from Nemelex Xobeh
   320 | D        | Noticed Josephine
   327 | D        | Killed Josephine
   327 | D        | Reached skill level 14 in Throwing
   327 | D        | Reached skill level 10 in Evocations
   327 | D        | Reached XP level 8. HP: 69/74 MP: 3/20
   432 | D        | Noticed an iguana
   432 | D        | Noticed a wolf
   432 | D        | Noticed a porcupine
   432 | D        | Noticed a water moccasin
   433 | D        | Killed an iguana
   435 | D        | Killed a wolf
   435 | D        | Reached skill level 15 in Throwing
   435 | D        | Killed a porcupine
   436 | D        | Noticed a wolf
   438 | D        | Killed a water moccasin
   439 | D        | Received a gift from Nemelex Xobeh
   454 | D        | Killed a wolf
   693 | D        | Noticed an iguana
   693 | D        | Noticed a spiny frog
   693 | D        | Noticed a black mamba
   693 | D        | Noticed a porcupine
   693 | D        | Noticed a porcupine
   694 | D        | Killed a porcupine
   694 | D        | Reached XP level 9. HP: 80/80 MP: 22/22
   695 | D        | Noticed an elephant
   695 | D        | Killed an iguana
   697 | D        | Killed a spiny frog
   697 | D        | Reached skill level 16 in Throwing
   697 | D        | Killed a porcupine
   698 | D        | Killed a black mamba
   699 | D        | Noticed a yak
   701 | D        | Killed an elephant
   701 | D        | Reached skill level 17 in Throwing
   702 | D        | Killed a yak
   730 | D        | HP: 4/80 [poisoned by a spiny frog]
   735 | D        | HP: 3/80 [poisoned by a spiny frog]
  1178 | D        | Noticed a dire elephant
  1178 | D        | Noticed an elephant
  1178 | D        | Noticed an elephant
  1178 | D        | Noticed a dire elephant
  1178 | D        | Noticed an elephant
  1178 | D        | Noticed an elephant
  1178 | D        | Noticed an elephant
  1182 | D        | Killed a dire elephant
  1182 | D        | Reached XP level 10. HP: 88/88 MP: 16/25
  1183 | D        | Received a gift from Nemelex Xobeh
  1184 | D        | Killed an elephant
  1184 | D        | Reached skill level 18 in Throwing
  1187 | D        | Killed a dire elephant
  1189 | D        | Killed an elephant
  1196 | D        | Killed an elephant
  1196 | D        | Reached skill level 15 in Evocations
  1200 | D        | Killed an elephant
  1200 | D        | Reached skill level 19 in Throwing
  1204 | D        | Killed an elephant
  1251 | D        | Noticed an elephant
  1251 | D        | Received a gift from Nemelex Xobeh
  1263 | D        | Killed an elephant
  1263 | D        | Reached XP level 11. HP: 8/96 MP: 13/28
  1786 | D        | Noticed Harold
  1791 | D        | Killed Harold
  1824 | D        | Noticed an orc wizard
  1824 | D        | Noticed an orc priest
  1824 | D        | Noticed an orc wizard
  1826 | D        | Killed an orc wizard
  1828 | D        | Killed an orc priest
  1829 | D        | Noticed an orc warrior
  1830 | D        | Killed an orc wizard
  1831 | D        | Killed an orc warrior
  1832 | D        | Received a gift from Nemelex Xobeh
  1836 | D        | Noticed an orc wizard
  1840 | D        | Killed an orc wizard
  1843 | D        | Noticed an orc priest
  1845 | D        | Killed an orc priest
  1847 | D        | Noticed an orc wizard
  1849 | D        | Killed an orc wizard
  1867 | D        | Received a gift from Nemelex Xobeh
  2041 | D        | Noticed an orc warrior
  2041 | D        | Noticed an orc wizard
  2041 | D        | Noticed an orc warrior
  2041 | D        | Noticed an orc warrior
  2041 | D        | Noticed an orc warrior
  2043 | D        | Killed an orc warrior
  2043 | D        | Killed an orc wizard
  2043 | D        | Killed an orc warrior
  2043 | D        | Killed an orc warrior
  2044 | D        | Killed an orc warrior
  2044 | D        | Reached skill level 20 in Throwing
  2045 | D        | Noticed an orc warrior
  2048 | D        | Noticed an orc warrior
  2052 | D        | Noticed an orc warrior
  2054 | D        | Noticed an orc priest
  2056 | D        | Killed an orc warrior
  2062 | D        | Killed an orc warrior
  2062 | D        | Killed an orc priest
  2063 | D        | Killed an orc warrior
  2097 | D        | Found Aneos' Gadget Emporium.
  2097 | D        | Noticed an orc wizard
  2097 | D        | Noticed an orc sorcerer
  2097 | D        | Noticed an orc sorcerer
  2097 | D        | Noticed an orc sorcerer
  2097 | D        | Noticed an orc sorcerer
  2097 | D        | Noticed an orc wizard
  2098 | D        | Killed an orc wizard
  2099 | D        | Killed an orc wizard
  2099 | D        | Killed an orc sorcerer
  2099 | D        | Killed an orc sorcerer
  2100 | D        | Noticed a soul eater
  2100 | D        | Noticed an orc wizard
  2102 | D        | Killed an orc sorcerer
  2102 | D        | Killed an orc sorcerer
  2103 | D        | Found Zoleusut's Jewellery Shoppe.
  2103 | D        | Noticed an orc wizard
  2106 | D        | Killed an orc wizard
  2110 | D        | Found Vacinn's Jewellery Emporium.
  2113 | D        | Killed an orc wizard
  2121 | D        | Found Efostroat's Armour Shoppe.
  2124 | D        | Noticed an orc sorcerer
  2126 | D        | Noticed an orc sorcerer
  2128 | D        | Noticed a soul eater
  2128 | D        | Killed an orc sorcerer
  2128 | D        | Killed an orc sorcerer
  2129 | D        | Noticed an orc wizard
  2129 | D        | Killed an orc sorcerer
  2129 | D        | Reached skill level 21 in Throwing
  2130 | D        | Received a gift from Nemelex Xobeh
  2133 | D        | Killed an orc wizard
  2134 | D        | Noticed an orc wizard
  2149 | D        | Bought an ornate deck of defence for 550 gold pieces
  2149 | D        | Bought a lantern of shadows for 550 gold pieces
  2149 | D        | Bought a plain deck of war for 385 gold pieces
  2164 | D        | Killed an orc wizard
  2510 | D        | Noticed a yaktaur
  2510 | D        | Noticed a wraith
  2510 | D        | Noticed an orc warrior
  2510 | D        | Noticed a centaur warrior
  2510 | D        | Noticed an orc warrior
  2510 | D        | Noticed a slime creature
  2513 | D        | Killed a wraith
  2513 | D        | Killed a centaur warrior
  2513 | D        | Killed an orc warrior
  2514 | D        | Killed a yaktaur
  2514 | D        | Killed an orc warrior
  2517 | D        | Noticed a naga warrior
  2519 | D        | Noticed an ogre mage
  2520 | D        | Killed a slime creature
  2529 | D        | Noticed a minotaur
  2545 | D        | Received a gift from Nemelex Xobeh
  2559 | D        | HP: 3/124 [naga warrior/orcish war axe (15)]
  2559 | D        | Slain by a naga warrior

Action                   |  1- 3 |  4- 6 |  7- 9 | 10-12 || total
-------------------------+-------+-------+-------+-------++-------
Melee: Club              |       |     1 |     5 |       ||     6
       Giant spiked club |       |       |    12 |    14 ||    26
       Unarmed           |       |       |       |     6 ||     6
Throw: Large rock        |     6 |     6 |    13 |    30 ||    55
       Throwing net      |       |       |     2 |     2 ||     4
Invok: Draw One          |     1 |     3 |    15 |    43 ||    62
       Triple Draw       |       |     1 |       |       ||     1
       Peek at Two       |       |       |     2 |       ||     2
  Use: Scroll            |       |     1 |     7 |       ||     8
       Potion            |       |     1 |     2 |     1 ||     4
 Stab: Held in net/web   |       |       |     1 |       ||     1
